 Dungeon Crawl Stone Soup version 0.29-a0-43-g62a80824bf (webtiles) character file.

Game seed: 664205853383636702

28 floopthepig the Bolt Thrower (level 3, -7/35 HPs)
             Began as a Troll Hunter on Feb 3, 2022.
             Mangled by a gnoll (11 damage)
             ... on level 2 of the Dungeon.
             The game lasted 00:13:41 (800 turns).

floopthepig the Bolt Thrower (Troll Hunter)          Turns: 800, Time: 00:13:41

Health: -7/35      AC:  4    Str: 22    XL:     3   Next: 0%
Magic:  1/2        EV: 10    Int:  7    God:
Gold:   17         SH:  0    Dex: 10    Spells: 2/2 levels left

rFire   . . .      SeeInvis .   a - +1 hand crossbow
rCold   . . .      Faith    .   (no shield)
rNeg    . . .      Spirit   .   c - +0 robe
rPois   .          Reflect  .   (helmet restricted)
rElec   .          Harm     .   (no cloak)
rCorr   .          Rampage  .   (gloves unavailable)
Will    .....                   (boots unavailable)
Stlth   +.........              (no amulet)
HPRegen 0.91/turn               (no ring)
MPRegen 0.08/turn               (no ring)

@: no status effects
A: large, unfitting armour, claws 3, regeneration 1, shaggy fur 1, tough skin 1
a: no special abilities


You were on level 2 of the Dungeon.
You visited 1 branch of the dungeon, and saw 2 of its levels.

You collected 17 gold pieces.

Inventory:

Hand Weapons
 a - a +1 hand crossbow (weapon)
 b - a +0 short sword
 g - a +0 club
 h - a +0 dagger
Missiles
 d - 13 bolts (quivered ammo)
Armour
 c - a +0 robe (worn)
 i - the +2 leather armour "Ipsun" {rElec Int+4}
   (You found it on level 2 of the Dungeon)

   Int:       It affects your intelligence (+4).
   rElec:     It insulates you from electricity.
Scrolls
 e - a scroll of identify {unknown}
 f - a scroll of holy word {unknown}
 j - a scroll of enchant weapon {unknown}


   Skills:
 + Level 2.0 Fighting
 + Level 3.0 Crossbows
 + Level 1.9 Dodging
 + Level 0.5 Stealth


You had 2 spell levels left.
You didn't know any spells.
Your spell library contained the following spells:

 Spells                   Type           Power      Damage    Failure   Level
 Pain                     Necr           0%         1d4       43%         1
 Gell's Gravitas          Tloc           0%         N/A       80%         3
 Lesser Beckoning         Tloc           0%         N/A       80%         3
 Teleport Other           Tloc           0%         N/A       80%         3
 Agony                    Necr           0%         N/A       100%        5
 Excruciating Wounds      Necr           0%         N/A       100%        5


Dungeon Overview and Level Annotations

Branches:
Dungeon (2/15)

Altars:


Innate Abilities, Weirdness & Mutations

You are too large for most types of armour.
You have claws for hands.
Your natural rate of healing is unusually fast.
You are covered in fur. (AC +1)
You have tough skin. (AC +1)


Message History

The gnoll shouts!
You hear a bark!
The gnoll hits you but does no damage.
Things that are here:
a bolt; a ball python corpse The gnoll hits you from afar with a +2 antimagic spear.
You shoot a bolt. The bolt hits the hobgoblin.
The hobgoblin is almost dead.
The gnoll hits you from afar with a +2 antimagic spear.
The hobgoblin barely misses you. The gnoll barely misses you.
You shoot a bolt. The bolt hits the hobgoblin.
You kill the hobgoblin!
The gnoll barely misses you. x2
You have reached level 3!
Your experience leads to an increase in your attributes!
Increase (S)trength, (I)ntelligence, or (D)exterity?
Uppercase letters only, please.
You feel stronger. x3
You shoot a bolt. The bolt hits the gnoll.
The gnoll is moderately wounded.
The gnoll hits you with a +0 club.
The gnoll hits you from afar with a +2 antimagic spear.
The gnoll hits you but does no damage.
You shoot a bolt. The iguana hisses angrily.
The bolt hits the gnoll.
The gnoll is heavily wounded.
The gnoll hits you with a +0 club.
The gnoll hits you from afar with a +2 antimagic spear.
The gnoll hits you with a +0 flail!
* * * LOW HITPOINT WARNING * * *
The gnoll hits you with a +0 club.
* * * LOW HITPOINT WARNING * * *
The gnoll hits you from afar with a +2 antimagic spear.
* * * LOW HITPOINT WARNING * * *
The gnoll hits you but does no damage. The gnoll hits you with a +0 flail.
* * * LOW HITPOINT WARNING * * *
There is a stone staircase leading up here.
The gnoll hits you with a +0 flail!
You die...

#######
###@gh..#
#....gl.###
#.####g.#.#
#.......#.#
#####(.(#?#
#.÷.(#.h#
#.#.....#
###.##.#..#
#.)†g#.#..####


You could see an iguana, 3 gnolls and a jackal.

Vanquished Creatures
  A worm (D:2)
  A dart slug (D:1)
  2 ball pythons
  6 bats
  A giant cockroach (D:1)
  2 goblins
  3 hobgoblins
  2 jackals (D:2)
  2 quokkas
  A frilled lizard (D:1)
21 creatures vanquished.

Notes
Turn   | Place    | Note
-------+----------+-------------------------------------------
     0 | D:1      | floopthepig the Troll Hunter began the quest for the Orb.
     0 | D:1      | Reached XP level 1. HP: 19/19 MP: 0/0
   181 | D:1      | Reached XP level 2. HP: 27/27 MP: 1/1
   392 | D:2      | Identified the +2 leather armour "Ipsun" {rElec Int+4}
   613 | D:1      | Found a faded altar of an unknown god.
   748 | D:1      | Reached skill level 3 in Crossbows
   791 | D:2      | Reached XP level 3. HP: 26/35 MP: 0/2
   792 | D:2      | HP: 1/35 [gnoll (6)]
   797 | D:2      | HP: 1/35 [gnoll (5)]
   800 | D:2      | Mangled by a gnoll

Illustrated notes

Levels and vault maps discovered:
D:1:      mrwooster_arrival_statue, layout_loops_ring,
          ebering_ecumenical_altar_sacrificial, nrook_campfire
D:2:      layout_basic

Skill      XL: |  1  2 |
---------------+-------+-----
Fighting       | 2 |  2.0
Crossbows      | 3 |  3.0
Dodging        | |  1.9
Stealth        | |  0.5

Action                   || total
-------------------------++-------
Melee: Hand crossbow     ||     2
       Short sword       ||    32
       Punch             ||     1
 Fire: Hand crossbow     ||    38
Armor: Robe              ||    62
Dodge: Dodged            ||    78

Table legend: (Time is in decaauts)
 A = Elapsed time spent in this place.
 B = Non-inter-level travel time spent in this place.
 C = Inter-level travel time spent in this place.
 D = Time resting spent in this place.
 E = Time spent auto-exploring this place.
 F = Levels seen in this place.
 G = Mean time per level.
                   A        B        C        D        E       F      G
               +--------+--------+--------+--------+--------+-----+--------+
         Total |    817 |    817 |      0 |      0 |      0 |   2 |  408.5 |
       Dungeon |    817 |    817 |      0 |      0 |      0 |   2 |  408.5 |
               +--------+--------+--------+--------+--------+-----+--------+

Top non-repeatable levels by time:
     D:1: 712 daAuts
     D:2: 104 daAuts
